 Dungeon Crawl Stone Soup version 0.30-a0-748-ge6a52f7cba (webtiles) character file.

Game seed: 4653626551765847367

9 Esekla the Sneak (level 2, 21/21 HPs)
             Began as an Octopode Delver on Feb 8, 2023.
             Quit the game in the Ecumenical Temple.
             The game lasted 00:01:14 (351 turns).

Esekla the Sneak (Octopode Delver)                   Turns: 351, Time: 00:01:14

Health: 21/21      AC:  1    Str: 11    XL:     2   Next: 16%
Magic:  2/2        EV: 13    Int: 12    God:
Gold:   42         SH:  0    Dex: 13    Spells: 1/1 levels left

rFire   . . .      SeeInvis .    a - +0 falchion
rCold   . . .      Faith    .    (no shield)
rNeg    . . .      Spirit   .    (helmet restricted)
rPois   .          Reflect  .    (no amulet)
rElec   .          Harm     .    (no ring)
rCorr   .          Rampage  .    (no ring)
Will    .....                    (no ring)
Stlth   ++++                     (no ring)
HPRegen 0.23/turn                (no ring)
MPRegen 0.08/turn                (no ring)
                                 (no ring)
                                 (no ring)

@: no status effects
A: almost no armour, amphibious, 8 rings, camouflage 1, gelatinous body 1,
(nimble swimmer 1), tentacles
a: no special abilities


You were in the Ecumenical Temple.
You visited 2 branches of the dungeon, and saw 2 of its levels.

You collected 42 gold pieces.

Inventory:

Hand Weapons
 a - a +0 falchion (weapon)
 c - a +0 dagger
Wands
 f - a wand of digging (3)
Scrolls
 b - a scroll of fog
 d - a scroll of fear
 g - a scroll of identify {unknown}
Potions
 e - a potion of haste


   Skills:
 * Level 3.1 Fighting
 * Level 2.1 Long Blades
 * Level 2.1 Dodging
 + Level 6.9 Stealth
 * Level 0.3 Spellcasting


You had one spell level left.
You didn't know any spells.
Your spell library contained the following spells:

 Spells                   Type           Power      Damage    Failure   Level
 Animate Dead             Necr           0%         N/A       97%         4
 Borgnjor's Vile Clutch   Necr/Erth      0%         N/A       100%        5
 Death Channel            Necr           0%         N/A       100%        6


Dungeon Overview and Level Annotations

Branches:
Dungeon (5/15)             Temple (1/1) D:5

Altars:
Cheibriados
Elyvilon
Fedhas
Makhleb
Qazlal
Sif Muna
Trog
Uskayaw
Vehumet
Wu Jian
Xom
Yredelemnul
Zin


Innate Abilities, Weirdness & Mutations

You cannot wear most types of armour.
You are amphibious.
You can wear up to eight rings at the same time.
Your skin changes colour to match your surroundings (Stealth+).
Your rubbery body absorbs attacks. (AC +1, EV +1)
((You are camouflaged when in or above water. (Stealth+)))
You have tentacles for arms and can constrict up to eight enemies at once.


Message History

Found a book of Unlife and 13 gold pieces.
The orc shouts!
You hear an angry growl.
You hit the orc but do no damage. You grab the orc. You constrict the orc.
The orc hits you with a +0 whip. The orc misses you.
You hit the orc.
The orc is moderately wounded.
You constrict the orc. The orc closely misses you.
You hit the orc.
The orc is severely wounded.
You constrict the orc. The orc closely misses you.
You hit the orc but do no damage. You squeeze the orc, but do no damage.
The orc is almost dead.
You constrict the orc, but do no damage.
The orc hits you with a +0 whip.
You hit the orc.
You kill the orc!
You now have 29 gold pieces (gained 15).
You pick up a book of Unlife and begin reading...
You add the spells Animate Dead, Borgnjor's Vile Clutch and Death Channel to your library.
You now have 42 gold pieces (gained 13).
There is a staircase to the Ecumenical Temple here.
You climb downwards.
Welcome to the Ecumenical Temple!
Found a snail-covered altar of Cheibriados and a blossoming altar of Fedhas.
There is a staircase back to the Dungeon here.
HP restored.
Found three altars.
Found two altars.
Found a glowing silver altar of Zin.
There is a shimmering blue altar of Sif Muna here.
Found a basalt altar of Yredelemnul.
Found a stormy altar of Qazlal.
Found a shimmering altar of Xom.
Found a bloodstained altar of Trog.
Found a radiant altar of Vehumet.
There is a blossoming altar of Fedhas here.
There is a fountain of clear blue water here.
Partly explored, can't reach some places.
Search for what [? for help]?
Gozag Can't find anything matching that.
Are you sure you want to abandon this character and quit the game? (Confirm with "yes".)

.............≈§§§§§≈§≈§§≈≈≈
........_....§≈≈≈≈§≈§≈≈≈§≈≈§
...............≈≈≈≈§≈≈≈≈§§≈§§
..............§§≈≈≈§§§§≈§≈≈§≈≈
.................≈§§§§≈§§≈≈§≈≈≈
._..._....._......≈≈≈≈≈§§§§≈≈≈≈§
................§..≈≈≈≈≈≈≈§≈≈≈≈≈§
....................≈≈≈≈≈§≈≈≈≈≈§≈
................@....§≈≈≈§≈≈≈≈≈≈§
...⌠..._.........._...≈≈≈≈≈§≈≈≈§≈
.......................§≈§≈≈≈§§§§
........................≈§§≈§§§≈≈
............_............§≈≈§§§≈§
..._.................⌠....§≈§§§≈≈
..........................≈≈§§§≈≈
..§..§..........§.......§≈§≈§§≈≈≈
§§§§§§§≈≈≈§≈≈≈≈≈≈§≈§≈≈§≈≈≈≈≈≈§≈≈≈


There were no monsters in sight!

Vanquished Creatures
  A shadow imp (D:5)
  An orc (D:5)
2 creatures vanquished.

Notes
Turn   | Place    | Note
-------+----------+-------------------------------------------
     0 | D:5      | Esekla the Octopode Delver began the quest for the Orb.
     0 | D:5      | Reached XP level 1. HP: 16/16 MP: 1/1
    26 | D:5      | Reached XP level 2. HP: 14/21 MP: 2/2
    43 | D:5      | Found a staircase to the Ecumenical Temple.
    66 | Temple   | Entered the Ecumenical Temple
   351 | Temple   | Quit the game

Illustrated notes

Levels and vault maps discovered:
D:5:      layout_cave_pools, minmay_temple_entry_offerings
Temple:   compressed_dpeg_triangle_lava_temple

Action                     || total
---------------------------++-------
  Melee: Falchion          ||     9
         Tentacles         ||     3
         Constrict         ||     2
    Use: Scroll            ||     1
  Dodge: Dodged            ||     4

Table legend: (Time is in decaauts)
 A = Elapsed time spent in this place.
 B = Non-inter-level travel time spent in this place.
 C = Inter-level travel time spent in this place.
 D = Time resting spent in this place.
 E = Time spent auto-exploring this place.
 F = Levels seen in this place.
 G = Mean time per level.
                   A        B        C        D        E       F      G
               +--------+--------+--------+--------+--------+-----+--------+
         Total |    352 |    352 |      0 |      0 |    276 |   2 |  176.0 |
       Dungeon |     67 |     67 |      0 |      0 |      0 |   1 |   67.0 |
        Temple |    284 |    284 |      0 |      0 |    276 |   1 |  284.0 |
               +--------+--------+--------+--------+--------+-----+--------+

Top non-repeatable levels by time:
  Temple: 284 daAuts
     D:5: 67 daAuts
